 Dungeon Crawl Stone Soup version 0.26-a0-154-g3d63440f56 (webtiles) character file.

Game seed: 3155281105378257739

2438 Flugslaktarn the Frost Mage (level 9, -5/59 HPs)
             Began as an Octopode Ice Elementalist on June 30, 2020.
             Was a Believer of Makhleb.
             Killed from afar by an orc warrior (23 damage)
             ... with a bolt of acid
             ... on level 7 of the Dungeon.
             The game lasted 00:21:55 (2108 turns).

Flugslaktarn the Frost Mage (OpIE)                  Turns: 2108, Time: 00:21:55

Health: -5/59      AC:  1    Str:  8    XL:     9   Next: 49%
Magic:  4/15       EV: 16    Int: 25    God:    Makhleb [**....]
Gold:   386        SH:  0    Dex: 13    Spells: 7/16 levels left

rFire    + . .     SeeInvis .   v - +1 scimitar
rCold    . . .     Faith    .   (no shield)
rNeg     . . .     Spirit   .   (helmet restricted)
rPois    +         Reflect  .   h - amulet of magic regeneration
rElec    .         Harm     .   e - ring of protection from fire
rCorr    .                      k - ring of poison resistance
MR       .....                  B - +6 ring of intelligence
Stlth    +++.......             (no ring)
HPRegen  0.19/turn              (no ring)
MPRegen  0.39/turn              (no ring)
                                (no ring)
                                (no ring)

@: frozen ramparts
A: almost no armour, stealthy swim, amphibious, 8 rings, constrict 8, camouflage
1, gelatinous body 1
a: Minor Destruction, Renounce Religion


You were on level 7 of the Dungeon.
You worshipped Makhleb.
Makhleb was pleased with you.
You were hungry.

You visited 2 branches of the dungeon, and saw 10 of its levels.
You also visited: Bailey.

You collected 656 gold pieces.
You spent 270 gold pieces at shops.

Inventory:

Hand Weapons
 i - a +0 club
   (You took it off a hobgoblin on level 2 of the Dungeon)
 o - a +0 falchion
   (You found it on level 4 of the Dungeon)
 u - a +0 long sword
   (You found it on level 5 of the Dungeon)
 v - a +1 scimitar (weapon)
   (You found it on level 5 of the Dungeon)
Missiles
 j - 3 javelins (quivered)
 q - 8 silver boomerangs
Armour
 A - a +0 buckler
   (You found it on level 5 of the Dungeon)
Jewellery
 e - a ring of protection from fire (left tentacle)
   (You found it on level 1 of the Dungeon)
 h - an amulet of magic regeneration (around mantle)
   (You found it on level 2 of the Dungeon)
 k - a ring of poison resistance (right tentacle)
   (You found it on level 5 of the Dungeon)
 B - a +6 ring of intelligence (on tentacle)
   (You bought it in a shop on level 5 of the Dungeon)
Wands
 d - a wand of flame (5)
   (You took it off a hobgoblin on level 7 of the Dungeon)
 l - a wand of polymorph (16)
   (You took it off Jessica on level 3 of the Dungeon)
 t - a wand of iceblast (12)
   (You found it on level 5 of the Dungeon)
 z - a wand of random effects (10)
   (You found it on level 5 of the Dungeon)
 C - a wand of digging (6)
   (You bought it in a shop on level 5 of the Dungeon)
Scrolls
 a - 5 scrolls of teleportation
 c - a scroll of enchant weapon
 f - a scroll of fog {unknown}
 g - a scroll of blinking {unknown}
 n - a scroll of magic mapping {unknown}
 r - a scroll of enchant armour {unknown}
 w - 2 scrolls of fear {unknown}
 y - 2 scrolls of remove curse
Potions
 p - a potion of heal wounds {unknown}
 s - a potion of magic
 x - 2 potions of haste
 D - a potion of stabbing
Comestibles
 b - 7 rations


   Skills:
 + Level 4.4 Fighting
 + Level 6.3 Dodging
 - Level 4.0 Stealth
 + Level 2.6 Shields
 + Level 1.5 Unarmed Combat
 - Level 4.0 Spellcasting
 - Level 2.0 Summonings
 - Level 1.0 Translocations
 - Level 8.0 Ice Magic
 + Level 3.5 Invocations


You had 7 spell levels left.
You knew the following spells:

 Your Spells              Type           Power        Failure   Level  Hunger
a - Freeze                Ice            ####         1%          1    None
b - Frozen Ramparts       Ice            #####.       1%          3    ##.....
d - Summon Ice Beast      Ice/Summ       ####....     12%         4    ####...
q - Apportation           Tloc           ##....       6%          1    None

Your spell library contained the following spells:

 Spells                   Type           Power        Failure   Level  Hunger
 Summon Small Mammal      Summ           ###.         4%          1    None
 Ozocubu's Armour         Chrm/Ice       ####....     5%          3    ##.....
 Animate Skeleton         Necr           N/A          9%          1    None
 Beastly Appendage        Tmut           #.....       9%          1    None
 Corona                   Hex            #......      9%          1    None
 Sticks to Snakes         Tmut           #.......     14%         2    None
 Hailstorm                Conj/Ice       ####....     17%         4    ####...
 Ice Form                 Ice/Tmut       ####....     17%         4    ####...
 Spider Form              Tmut/Pois      #.........   26%         3    ##.....
 Blade Hands              Tmut           #.........   94%         5    #####..


Dungeon Overview and Level Annotations

Branches:
Dungeon (9/15)             Temple (1/1) D:5            Lair (0/6) D:9
 Bailey (visited)
    Orc: D:9-12

Altars:
Ashenzari
Cheibriados
Dithmenos
Elyvilon
Fedhas
Gozag
Hepliaklqana
Makhleb
Qazlal
Ru
Sif Muna
Trog
Vehumet
Xom
Yredelemnul
The Shining One

Shops:
D:3 *   D:5 *


Innate Abilities, Weirdness & Mutations

You cannot wear most types of armour.
You are very stealthy in the water. (Stealth+)
You are amphibious.
You can wear up to eight rings at the same time.
You can use your tentacles to constrict eight enemies at once.
Your skin changes colour to match your surroundings (Stealth+).
Your rubbery body absorbs attacks. (AC +1, EV +1)


Message History

The orc throws a boomerang.
The boomerang completely misses your ice beast.
The boomerang barely misses the orc warrior.
The boomerang hits you.
The weapon returns to the orc!
The wall freezes the orc warrior.
Casting: Frozen Ramparts (safe; 1% risk of failure)
Confirm with . or Enter, or press ? or * to list all spells.
A chill wind blows around you.
The orc throws a boomerang.
The boomerang barely misses your ice beast.
The boomerang hits the orc warrior but does no damage.
The weapon returns to the orc!
The wall freezes the orc.
The orc hits your ice beast but does no damage.
The wall freezes the orc warrior.
Something hits your ice beast.
The wall freezes the orc warrior.
The orc warrior hits your ice beast with a +0 scimitar!
Your ice beast closely misses the orc warrior.
Your ice beast misses the orc warrior.
The wall freezes the orc!
You kill the orc!
Makhleb accepts your kill.
You feel better.
The wall freezes the orc warrior!
The orc warrior hits your ice beast with a +0 scimitar!
Your ice beast dies!
Your ice beast hits the orc warrior but does no damage.
The frozen ramparts melt away.
The orc throws a boomerang.
The boomerang hits your ice beast but does no damage.
The weapon returns to the orc!
Unknown command.
Press: ? - help, v - describe, . - travel
Here: an orc warrior, wielding a +0 scimitar, wearing a +1 chain mail of fire resistance and carrying a wand of acid (4) (heavily wounded)
The floor.
Unknown command.
Casting: Summon Ice Beast (dangerous; 12% risk of failure)
Confirm with . or Enter, or press ? or * to list all spells.
The walls around you are covered in ice.
You are feeling hungry.
Your ice beast completely misses the orc warrior.
Unknown command.
The wall freezes the orc warrior.
The orc warrior hits you with a +0 scimitar!!
* * * LOW HITPOINT WARNING * * *
Something hits your ice beast!
Your ice beast closely misses the orc warrior.
You hit the orc warrior. You grab the orc warrior.
The orc warrior is almost dead.
You constrict the orc warrior, but do no damage.
The wall freezes the orc warrior.
The orc warrior zaps a wand.
The bolt of acid hits you!!
You die...

#.##
##......###..#
#..###..###..#
#.# ##..##..##
#..# (#
###......## ##.#
.# #........# #..
.# ##........##
#..# #.. #
#.......(..##
##.. #..
#.#...........#
..<...
#...†.#@...#..#
......
##..####o.###...#
#.. #.## #.Y##
##.. #.. ## ##o##
.. #.. #).# #..
#..# #..
#..)....... ###..
#....(......
.....
.......).......
....


You could see an orc warrior and a friendly ice beast (summoned).

Vanquished Creatures
  A nameless horror (D:7)
  3 orc warriors (Bailey)
  4 ogres
  2 centaurs
  6 bullfrogs
  A water moccasin zombie (D:7)
  A scorpion (D:7)
  4 killer bees (D:9)
  4 crimson imps
  5 hounds
  A quasit (D:7)
  An orc priest (D:5)
  A bullfrog skeleton (D:7)
  Jessica (D:3)
  An iguana (D:6)
  2 orc wizards (D:5)
  3 worker ants
  3 gnolls (D:5)
  9 adders
  2 shadow imps
  3 oozes
  2 adder skeletons
  A dart slug (D:3)
  3 leopard geckos
  18 orcs
  4 bats (D:2)
  A giant cockroach (D:3)
  5 goblins
  3 hobgoblins
  4 jackals
  7 quokkas
  2 ball pythons
  A giant cockroach zombie (D:5)
  3 kobolds
  A quokka skeleton (D:5)
  A rat (D:2)
114 creatures vanquished.

Vanquished Creatures (collateral kills)
  An orc warrior (Bailey)
  A phantom (D:5)
  An ogre (D:6)
  A killer bee (D:9)
  An orc wizard (D:7)
  9 orcs
14 creatures vanquished.

Grand Total: 128 creatures vanquished

Notes
Turn   | Place    | Note
-------+----------+-------------------------------------------
     0 | D:1      | Flugslaktarn the Octopode Ice Elementalist began the quest
                  | for the Orb.
     0 | D:1      | Reached XP level 1. HP: 11/11 MP: 3/3
    80 | D:1      | Reached XP level 2. HP: 17/17 MP: 3/5
   175 | D:2      | Found a bloodstained altar of Trog.
   252 | D:2      | Reached XP level 3. HP: 11/21 MP: 4/7
   257 | D:2      | Learned a level 3 spell: Frozen Ramparts
   322 | D:3      | Noticed Jessica
   334 | D:3      | Reached XP level 4. HP: 16/27 MP: 4/8
   361 | D:3      | Learned a level 4 spell: Summon Ice Beast
   392 | D:3      | Killed Jessica
   392 | D:3      | Reached skill level 5 in Ice Magic
   418 | D:3      | Found Gozag's Platinum Reserve.
   422 | D:3      | Found an opulent altar of Gozag.
   523 | D:4      | Noticed a bullfrog
   524 | D:4      | Found a shimmering blue altar of Sif Muna.
   531 | D:4      | Killed a bullfrog
   531 | D:4      | Reached XP level 5. HP: 24/31 MP: 7/10
   538 | D:4      | Found a blossoming altar of Fedhas.
   635 | D:4      | Reached XP level 6. HP: 36/36 MP: 10/12
   732 | D:5      | Entered Level 5 of the Dungeon
   763 | D:5      | Found a shattered altar of Ashenzari.
   772 | D:5      | Reached skill level 6 in Ice Magic
   788 | D:5      | Found a staircase to the Ecumenical Temple.
   799 | Temple   | Entered the Ecumenical Temple
   835 | Temple   | Became a worshipper of Makhleb the Destroyer
   904 | D:5      | Reached skill level 1 in Fighting
   913 | D:5      | Reached XP level 7. HP: 37/43 MP: 10/13
   944 | D:5      | Learned a level 1 spell: Apportation
  1003 | D:5      | Found Imaulunt's Assorted Antiques.
  1012 | D:5      | Bought a small tourmaline ring for 135 gold pieces
  1012 | D:5      | Bought a scroll labeled BOEBAA SAFAG for 27 gold pieces
  1031 | D:5      | Bought a brass wand for 108 gold pieces
  1088 | D:6      | Found a shadowy altar of Dithmenos.
  1091 | D:6      | Reached * piety under Makhleb
  1133 | D:6      | Reached skill level 1 in Summonings
  1163 | D:5      | Found a shimmering altar of Xom.
  1183 | D:6      | You fall into a shaft and drop 2 floors!
  1194 | D:9      | Noticed a troll
  1227 | D:9      | Reached XP level 8. HP: 44/51 MP: 7/14
  1232 | D:9      | Reached skill level 7 in Ice Magic
  1308 | D:9      | Found a staircase to the Lair.
  1411 | D:7      | Found a flagged portal.
  1416 | Bailey   | Entered a bailey
  1492 | Bailey   | Reached skill level 8 in Ice Magic
  1503 | Bailey   | Reached skill level 1 in Shields
  1503 | Bailey   | Reached skill level 1 in Invocations
  1504 | Bailey   | Reached ** piety under Makhleb
  1564 | Bailey   | Noticed an orc knight
  1582 | Bailey   | Noticed a nameless horror
  1606 | D:7      | Killed a nameless horror
  1625 | D:7      | HP: 5/118 [bullfrog (2)]
  1631 | D:7      | HP: 2/121 [bullfrog (1)]
  1638 | D:7      | Reached XP level 9. HP: 3/58 MP: 15/15
  1732 | D:7      | Reached skill level 5 in Dodging
  1755 | D:7      | Found a radiant altar of Vehumet.
  1867 | D:7      | Found a hazy altar of Hepliaklqana.
  1988 | D:6      | Reached skill level 1 in Unarmed Combat
  1988 | D:6      | Reached skill level 1 in Translocations
  1991 | D:6      | Found a sacrificial altar of Ru.
  2108 | D:7      | Killed from afar by an orc warrior

Illustrated notes

Levels and vault maps discovered:
D:1:      wander_arrival_chamber, layout_basic, st_stairs_10
D:2:      layout_basic, bloody_trog, chequers_ecumenical_altar_simple,
          st_stairs_7
D:3:      layout_basic, dancing_weapons_uskayaw,
          nicolae_gozag_zags_fifth_avenue, first_ration, serial_park_tiny_2,
          wad_rectangle_vault, uniq_jessica
D:4:      layout_basic, fedhas_altar_3, lemuel_doored_altar
D:5:      layout_rooms, nicolae_overflow_hidden_temple,
          minmay_temple_entry_statues_fountains, serial_shops, shop_coins,
          mrwooster_statue_mirror, uniq_ijyb
D:6:      layout_rooms, basic_altar, nicolae_ru_awakened_eye
D:7:      layout_layer_cave, zin_treasury, overflow_temple_1_default,
          enter_bailey_2, vehumet_altar_wand_db
D:8:      layout_loops_ring, old_standard_altar, kennysheep_little_box,
          serial_shops, nicolae_shop_waterfront
D:9:      layout_stronghold, dpeg_oklobed_lair
Temple:   jpeg_temple_clearing

Skill      XL: |  1  2  3  4  5  6  7  8  9 |
---------------+----------------------------+-----
Spellcasting   | 3 4 |  4.0
Ice Magic      | 5 6 8 |  8.0
Stealth        | 3 4 |  4.0
Fighting       | 1 2 4 |  4.4
Dodging        | 4 6 |  6.3
Summonings     | 1 2 |  2.0
Shields        | 2 |  2.6
Invocations    | 2 3 |  3.5
Unarmed Combat | 1 |  1.5
Translocations | 1 |  1.0

Action                   |  1- 3 |  4- 6 |  7- 9 || total
-------------------------+-------+-------+-------++-------
Melee: Unarmed           |     6 |    12 |       ||    18
       Constrict         |     6 |     8 |    18 ||    32
       Tentacles         |     4 |     4 |    15 ||    23
       Club              |    14 |     7 |       ||    21
       Falchion          |       |     3 |       ||     3
       Scimitar          |       |     7 |    55 ||    62
Throw: Javelin           |     6 |     4 |    13 ||    23
 Cast: Freeze            |    15 |       |     3 ||    18
       Frozen Ramparts   |     2 |    13 |    26 ||    41
       Apportation       |       |       |    13 ||    13
       Summon Ice Beast  |       |       |    15 ||    15
Evoke: Wand              |       |       |     4 ||     4
  Use: Scroll            |       |       |     8 ||     8
       Potion            |       |       |     4 ||     4
 Stab: Sleeping          |     4 |     1 |     3 ||     8
  Eat: Chunk             |       |     1 |     1 ||     2
       Ration            |       |       |     2 ||     2
Armor: Skin              |     2 |     2 |    31 ||    35
Dodge: Dodged            |    21 |    29 |    77 ||   127
       Rpst.: Falchion   |       |     4 |       ||     4
       Scimitar          |       |     3 |    16 ||    19

Table legend:
 A = Non-vault XP
 B = Vault XP
 C = Vault XP percentage of total XP
 D = Non-vault monster count
 E = Vault monster count
 F = Vault count percentage of total count
                 A         B        C        D         E       F
            +---------+---------+-------+---------+---------+-------
      Total |    2915 |     569 |  16.3 |     102 |      25 |  19.7
            +---------+---------+-------+---------+---------+-------
        D:1 |      11 |       0 |   0.0 |       3 |       0 |   0.0
        D:2 |      42 |       0 |   0.0 |      16 |       0 |   0.0
        D:3 |      61 |      37 |  37.8 |      11 |       1 |   8.3
        D:4 |     184 |       0 |   0.0 |       8 |       0 |   0.0
        D:5 |     789 |       0 |   0.0 |      28 |       0 |   0.0
        D:6 |     248 |       0 |   0.0 |       7 |       0 |   0.0
        D:7 |     929 |       2 |   0.2 |      18 |       1 |   5.3
        D:8 |      13 |       0 |   0.0 |       1 |       0 |   0.0
        D:9 |     638 |       0 |   0.0 |      10 |       0 |   0.0
     Bailey |       0 |     530 | 100.0 |       0 |      23 | 100.0
            +---------+---------+-------+---------+---------+-------
